 Dungeon Crawl Stone Soup version 0.23.2-40-g277498a001 (webtiles) character file.

Game seed: 12334361044722108683

80 Exodus22XD the Conjurer (level 4, 0/24 HPs)
             Began as a Deep Elf Wizard on Sept 19, 2019.
             Was an Initiate of Vehumet.
             Slain by a goblin
             ... wielding a +0 club
             ... led by Robin
              (2 damage)
             ... on level 3 of the Dungeon.
             The game lasted 00:05:37 (2749 turns).

Exodus22XD the Conjurer (Deep Elf Wizard)           Turns: 2749, Time: 00:05:37

Health: 0/24       AC:  2    Str:  4    XL:     4   Next: 18%
Magic:  0/12       EV: 13    Int: 24    God:    Vehumet [......]
Gold:   91         SH:  0    Dex: 13    Spells: 10/11 levels left

rFire    + . .     SeeInvis .   g - +0 mace
rCold    + . .     Gourm    .   (no shield)
rNeg     . . .     Faith    .   k - +0 robe (curse)
rPois    +         Spirit   .   b - +0 hat
rElec    +         Reflect  .   (no cloak)
rCorr    +         Harm     .   (no gloves)
MR       .....                  (no boots)
Stlth    ++........             (no amulet)
HPRegen  0.08/turn              (no ring)
MPRegen  0.13/turn              (no ring)

@: resistant, very slightly contaminated, hasted, very quick
A: no striking features
a: Renounce Religion


You were on level 3 of the Dungeon.
You worshipped Vehumet.
Vehumet was noncommittal.
You were not hungry.

You visited 1 branch of the dungeon, and saw 3 of its levels.

You collected 91 gold pieces.

Inventory:

Hand Weapons
 g - a +0 mace (weapon)
Armour
 b - a +0 hat (worn)
 k - a cursed +0 robe (worn)
Wands
 p - a wand of paralysis (9)
Scrolls
 c - 3 scrolls of identify {unknown}
 f - a scroll of blinking {unknown}
 h - a scroll of remove curse {unknown}
 i - a scroll of magic mapping {unknown}
 m - 2 scrolls of teleportation {unknown}
 o - a scroll of enchant armour {unknown}
Potions
 l - a potion of curing {unknown}
 n - a potion of heal wounds {unknown}
Comestibles
 a - 3 chunks of flesh
 d - 6 rations


   Skills:
 - Level 2.4 Dodging
 - Level 2.4 Stealth
 - Level 4.4 Spellcasting
 * Level 4.5 Conjurations
   Level 1.1 Summonings
   Level 1.1 Translocations


You had 10 spell levels left.
You knew the following spells:

 Your Spells              Type           Power        Failure   Level  Hunger
a - Magic Dart            Conj           ####         1%          1    None

Your spell library contained the following spells:

 Spells                   Type           Power        Failure   Level  Hunger
 Blink                    Tloc           N/A          9%          2    None
 Call Imp                 Summ           ##......     9%          2    None
 Conjure Flame            Conj/Fire      ###.....     11%         3    ##.....
 Slow                     Hex            #.......     14%         2    None
 Mephitic Cloud           Conj/Pois/Air  ##......     16%         3    ##.....


Dungeon Overview and Level Annotations

Branches:
Dungeon (3/15)

Altars:
Okawaru
Vehumet

Annotations:
D:3 Purgy


Message History

The goblin barely misses you. x2
Casting: Magic Dart (safe; 1% risk of failure)
Confirm with . or Enter, or press ? or * to list all spells.
Aiming: Magic Dart (safe; 1% risk of failure)
Press: ? - help, Shift-Dir - straight line, f/p - Robin
Aim: Robin, wielding a +0 dagger, wearing a +0 animal skin and wearing the +0 helmet of Powkefu {Str+3} (almost dead, paralysed)
The magic dart hits Robin.
You kill Robin!
Vehumet accepts your kill.
The hobgoblin no longer looks unusually strong.
The goblin no longer looks unusually strong.
The goblin hits you.
* * * LOW HITPOINT WARNING * * *
The goblin hits you but does no damage.
It was a potion of haste.
You feel yourself speed up. The goblin barely misses you. x3
It was a potion of resistance.
You feel protected. The goblin hits you but does no damage.
The goblin hits you with a +0 club.
You die...

#. #.#..# #.
#.#..# ##.##
##.##.##
##...#####...#..#
#..#.......#(...#
#...#####...##.##
# ##.## ##.###..#
#.. ###.#
##.###.#
g.)..###@g.#
.###.#
.).)..ggg###
..#..# #.....ggg#
#.#.## #.......o#
.#.# .........#
.#.## #........#
.#..# #........#
##.# #.........
#.# ##.......#
#.#


You could see an orc, a hobgoblin and 6 goblins.

Vanquished Creatures
  Robin (D:3)
  2 adders (D:2)
  2 worms (D:3)
  2 dart slugs
  3 leopard geckos (D:2)
  An orc (D:3)
  4 bats
  A giant cockroach (D:3)
  6 goblins
  4 hobgoblins
  5 kobolds
  A ball python (D:2)
  3 frilled lizards
  4 rats (D:2)
39 creatures vanquished.

Notes
Turn   | Place    | Note
-------+----------+-------------------------------------------
     0 | D:1      | Exodus22XD the Deep Elf Wizard began the quest for the Orb.
     0 | D:1      | Reached XP level 1. HP: 10/10 MP: 7/7
   187 | D:1      | Reached XP level 2. HP: 8/15 MP: 0/9
  1377 | D:2      | Found an iron altar of Okawaru.
  1481 | D:2      | Reached XP level 3. HP: 19/19 MP: 4/10
  2110 | D:2      | Found a radiant altar of Vehumet.
  2118 | D:2      | Became a worshipper of Vehumet
  2282 | D:3      | Noticed Purgy
  2729 | D:3      | Reached XP level 4. HP: 24/24 MP: 7/12
  2730 | D:3      | Identified the +0 helmet of Powkefu {Str+3}
  2730 | D:3      | Noticed Robin
  2747 | D:3      | Killed Robin
  2749 | D:3      | Slain by a goblin

Skill      XL: |  1  2  3 |
---------------+----------+-----
Conjurations   | 2 3 4 |  4.5
Dodging        | |  2.4
Stealth        | |  2.4
Spellcasting   | |  4.4
Summonings     | |  1.1
Translocations | |  1.1

Action                   |  1- 3 |  4- 6 || total
-------------------------+-------+-------++-------
Melee: Mace              |       |     5 ||     5
 Cast: Magic Dart        |   105 |    10 ||   115
Evoke: Wand              |       |     2 ||     2
  Use: Potion            |       |     2 ||     2
 Stab: Paralysed         |       |     1 ||     1
  Eat: Chunk             |     5 |       ||     5
Armor: Robe              |     1 |     3 ||     4
Dodge: Dodged            |    15 |    16 ||    31
